 Dungeon Crawl Stone Soup version 0.31-a0-7-g51783674b7 (webtiles) character file.

Game seed: 3171418095860491060

105 cheesebisquit the Chopper (level 4, -4/41 HPs)
             Began as a Hill Orc Fighter on May 5, 2023.
             Killed from afar by Ijyb (15 damage)
             ... with a bolt of light
             ... on level 3 of the Dungeon.
             The game lasted 00:04:56 (1637 turns).

cheesebisquit the Chopper (Hill Orc Fighter)        Turns: 1637, Time: 00:04:57

Health: -4/41      AC:  9    Str: 20    XL:     4   Next: 83%
Magic:  4/4        EV:  6    Int:  8    God:
Gold:   83         SH: 12    Dex: 10    Spells: 3/3 levels left

rFire   . . .        a - +0 war axe
rCold   . . .        p - +0 tower shield
rNeg    . . .        b - +0 scale mail
rPois   .            (no helmet)
rElec   .            o - +1 cloak {rCorr}
rCorr   +            (no gloves)
SInv    .            (no boots)
Will    .....        (no amulet) Stlth
                     (no ring)
HPRegen 0.26/turn    (no ring)
MPRegen 0.09/turn

%: no passive effects
@: no status effects
A: no striking features
a: no special abilities


You were on level 3 of the Dungeon.
You visited 1 branch of the dungeon, and saw 3 of its levels.

You collected 83 gold pieces.

Inventory:

Hand Weapons
 a - a +0 war axe (weapon)
Missiles
 e - 6 poisoned darts (quivered)
Armour
 b - a +0 scale mail (worn)
 c - a +0 buckler
 o - a +1 cloak of preservation (worn)
 p - a +0 tower shield (worn)
Scrolls
 f - 4 scrolls of teleportation {unknown}
 g - a scroll of identify {unknown}
 h - 3 scrolls of vulnerability {unknown}
 m - a scroll of magic mapping {unknown}
 n - a scroll of silence {unknown}
Potions
 d - a potion of might
 i - a potion of heal wounds {unknown}
 j - 2 potions of degeneration {unknown}
 k - a potion of ambrosia {unknown}
 l - 2 potions of curing {unknown}


   Skills:
 + Level 4.3 Fighting
 * Level 4.5 Axes
 + Level 4.0 Armour
 + Level 3.9 Shields


You had 3 spell levels left.
You didn't know any spells.
Your spell library was empty.

Dungeon Overview and Level Annotations

Branches:
Dungeon (3/15)

Altars:

Shops:
D:1 *[:

Annotations:
D:2 1 runed translucent door, Crazy Yiuf
D:3 Ijyb


Message History

The adder hisses angrily.
The adder bites you but does no damage.
You see here 16 gold pieces.
You now have 83 gold pieces (gained 16).
You block the adder's attack.
You completely miss the adder.
The adder bites you but does no damage. x2
You miss the adder.
The adder bites you but does no damage. x2
You closely miss the adder. The adder bites you but does no damage.
The adder bites you.
You closely miss the adder. You block the adder's attack.
The adder barely misses you.
You slash the adder!
The adder is heavily wounded.
The adder bites you but does no damage. x2; The adder barely misses you.
You slash the adder!
You kill the adder!
Your Armour skill increases to level 4!
Found a stone staircase leading down.
There is a stone staircase leading down here.
Found 3 stones.
An endoplasm comes into view.
The endoplasm quivers.
The endoplasm jiggles.
You block the endoplasm's attack.
You slash the endoplasm!
You kill the endoplasm!
You see here a +1 heavy scimitar.
You see here a +2 leather armour of cold resistance.
Ijyb the Twisted Goblin comes into view.
She is wielding a +0 club and carrying a wand of light (9).
Ijyb shouts!
Ijyb screams, "Level is mine!
All mine!"
Ijyb screams, "Get away!"
Ijyb zaps a wand.
The bolt of light hits you!
A ball python comes into view.
The ball python hisses angrily.
You hit Ijyb.
Ijyb is lightly wounded.
Ijyb zaps a wand.
The bolt of light hits you!
* * * LOW HITPOINT WARNING * * *
Ijyb zaps a wand.
The bolt of light hits you!
You die...

#######..# #.#
#..#####.#
######........#
#.[.....#######
#.#####.# #.#
...# #.# #...#
#.# #...# #@#
##.## #g# #.#
#.# #.# #.# #S#
#.# #.# #.#


You could see Ijyb and a ball python.

Vanquished Creatures
  Terence (D:2)
  2 adders
  A worm (D:2)
  A dart slug (D:2)
  3 ball pythons
  7 bats
  4 endoplasms
  2 giant cockroaches
  5 hobgoblins
  4 jackals (D:2)
  4 quokkas
  2 frilled lizards (D:2)
  6 goblins
  6 kobolds
  10 rats
58 creatures vanquished.

Vanquished Creatures (others)
  2 fungi (D:2)
2 creatures vanquished.

Grand Total: 60 creatures vanquished

Notes
Turn   | Place    | Note
-------+----------+-------------------------------------------
     0 | D:1      | cheesebisquit the Hill Orc Fighter began the quest for the
                  | Orb.
     0 | D:1      | Reached XP level 1. HP: 19/19 MP: 1/1
    71 | D:1      | Reached XP level 2. HP: 22/27 MP: 2/2
   166 | D:1      | Found Esekoles's Antique Armour Shop.
   244 | D:1      | Found Zapyir's Assorted Antiques.
   313 | D:1      | Reached XP level 3. HP: 29/33 MP: 3/3
   329 | D:1      | Found Agoq Cin's Book Shop.
  1081 | D:2      | Reached XP level 4. HP: 40/40 MP: 4/4
  1140 | D:2      | Noticed Terence
  1145 | D:2      | Killed Terence
  1503 | D:2      | Found a runed translucent door.
  1504 | D:2      | Noticed Crazy Yiuf
  1633 | D:3      | Noticed Ijyb
  1637 | D:3      | Killed from afar by Ijyb

Illustrated notes

Levels and vault maps discovered:
D:1:      dpeg_arrival_round_c, layout_rooms, serial_shops,
          nicolae_shop_just_a_little_nook, nicolae_shop_advertising_works
          [nicolae_subvault_shop_adworks], shop, hangedman_decor_peaks_small,
          amcnicky_mini_rare_corridor_liquid
D:2:      layout_loops_corners, uniq_crazy_yiuf_cottage, uniq_terence
D:3:      layout_loops_ring, guppyfry_early_lair_pool, uniq_jessica,
          uniq_sigmund, uniq_natasha, uniq_robin, uniq_ijyb

Skill      XL: |  1  2  3  4 |
---------------+-------------+-----
Axes           | 3 4 |  4.5
Fighting       | 4 |  4.3
Armour         | 4 |  4.0
Shields        | |  3.9

Action                     |  1- 3 |  4- 6 || total
---------------------------+-------+-------++-------
  Melee: War axe           |   116 |    43 ||   159
 Armour: Scale mail        |    51 |    19 ||    70
  Dodge: Dodged            |    73 |    15 ||    88
  Block: Buckler           |    26 |     4 ||    30
         Tower shield      |       |     6 ||     6

Table legend: (Time is in decaauts)
 A = Elapsed time spent in this place.
 B = Non-inter-level travel time spent in this place.
 C = Inter-level travel time spent in this place.
 D = Time resting spent in this place.
 E = Time spent auto-exploring this place.
 F = Levels seen in this place.
 G = Mean time per level.
                   A        B        C        D        E       F      G
               +--------+--------+--------+--------+--------+-----+--------+
         Total |   1696 |   1643 |     53 |      0 |   1242 |   3 |  565.3 |
       Dungeon |   1696 |   1643 |     53 |      0 |   1242 |   3 |  565.3 |
               +--------+--------+--------+--------+--------+-----+--------+

Top non-repeatable levels by time:
     D:2: 982 daAuts
     D:1: 611 daAuts
     D:3: 102 daAuts
